 Dungeon Crawl Stone Soup version 0.27.0-1-g7a089689b8 (webtiles) character file.

Game seed: 15507621001498529470

58 ParallaxScroll the Skirmisher (level 4, -3/35 HPs)
             Began as a Djinni Wanderer on Aug 2, 2021.
             Was a Follower of Cheibriados.
             Slain by a gnoll (5 damage)
             ... on level 2 of the Dungeon.
             The game lasted 00:08:57 (2218 turns).

ParallaxScroll the Skirmisher (Djinni Wanderer)     Turns: 2218, Time: 00:08:58

Health: -3/35      AC:  2    Str: 14    XL:     4   Next: 21%
Gold:   39         EV: 11    Int: 18    God:    Cheibriados [*.....] SH:  0 Dex: 15

rFire    + + .     SeeInvis .   a - +1 dagger (freeze)
rCold    x . .     Faith    .   (no shield)
rNeg     . . .     Spirit   .   f - +0 robe
rPois    ∞         Reflect  .   (no helmet)
rElec    .         Harm     .   (no cloak)
rCorr    .         Rampage  .   (no gloves)
Will     .....                  (boots unavailable)
Stlth    +.........             (no amulet)
HPRegen  0.11/turn              (no ring)
MPRegen  0.00/turn              (no ring)

@: flying, very slow
A: sickness immunity, fire resistance 2, cold vulnerability 1, float, innate
caster, hp casting, extra vitality 1
a: Renounce Religion, Bend Time


You were on level 2 of the Dungeon.
You worshipped Cheibriados.
Cheibriados was aware of your devotion.
You visited 1 branch of the dungeon, and saw 2 of its levels.

You collected 39 gold pieces.

Inventory:

Hand Weapons
 a - a +1 dagger of freezing (weapon)
 l - a +0 dagger of holy wrath
 m - a +0 short sword
Missiles
 d - 10 poisoned darts
 i - 68 stones (quivered)
 k - 24 bolts
Armour
 f - a +0 robe (worn)
Scrolls
 c - a scroll of teleportation
 e - a scroll of blinking
 g - 2 scrolls of noise {unknown}
 h - a scroll of vulnerability {unknown}
 n - a scroll of identify {unknown}
Potions
 b - a potion of heal wounds
 j - a potion of curing {unknown}
 o - a potion of resistance {unknown}


   Skills:
 + Level 3.5 Fighting
 - Level 1.0 Throwing
 - Level 3.0 Unarmed Combat
 - Level 3.0 Spellcasting
 - Level 1.0 Evocations


You had 8 spell levels left.
You knew the following spells:

 Your Spells              Type           Power      Damage    Failure   Level
a - Corona                Hex            14%        N/A       4%          1
Your spell library was empty.

Dungeon Overview and Level Annotations

Branches:
Dungeon (2/15)

Altars:
Cheibriados
Fedhas


Innate Abilities, Weirdness & Mutations

You are immune to sickness and miasma.
You are immune to poison.
Your flesh is very heat resistant. (rF++)
You are vulnerable to cold. (rC-)
You float through the air rather than walking.
You learn spells naturally, not from books.
Your magical power is your life essence.
You have superior vitality. (+4 HP)


Message History

The hobgoblin hits you.
You hit the hobgoblin but do no damage.
The hobgoblin is severely wounded.
The hobgoblin hits you but does no damage.
You hit the hobgoblin but do no damage.
The hobgoblin is severely wounded.
The hobgoblin hits you.
You hit the hobgoblin. You freeze the hobgoblin.
You kill the hobgoblin!
Cheibriados thoroughly appreciates the change of pace.
You start resting.
HP restored.
Things that are here:
a +0 dagger; a hobgoblin corpse
There is a stone staircase leading down here.
i - 68 stones (gained 1)
o - a pink potion You now have 39 gold pieces (gained 6).
g - 2 scrolls labelled YBREJE RIAPS (gained 1) 2 gnolls come into view.
The gnoll shouts! x2
A gnoll comes into view. It is wielding a +0 spear.
You aren't carrying any items that you can evoke.
As you open the door, it creaks loudly!
The gnoll hits you from afar with a +0 spear!
There is an open door here.
The gnoll hits you with a +0 spear.
You hit the gnoll but do no damage. The gnoll hits you with a +0 spear.
The gnoll closely misses you. The gnoll hits you with a +0 spear.
The gnoll hits you from afar with a +0 spear.
There is an open door here.
The gnoll barely misses you. The gnoll hits you with a +0 spear.
* * * LOW HITPOINT WARNING * * *
The gnoll closely misses you. The gnoll hits you with a +0 spear!
* * * LOW HITPOINT WARNING * * *
There is a stone staircase leading up here.
The gnoll closely misses you.
The gnoll hits you from afar with a +0 spear.
You die...

.##############
.......$....K.#
#..).# .## #....#
... #....# ....
#....# .._.. #...@#
.....+####....#
.........#..gg#
.........#.g..#
.......<.##'#.#
.........##.#.# .#
#####+#+###.#.####.
#.# ...........g.g.
... #..
#.#.###.#.##### #.#


You could see 3 gnolls.

Vanquished Creatures
  An adder (D:2)
  2 dart slugs (D:1)
  3 ball pythons (D:1)
  6 endoplasms (D:1)
  2 giant cockroaches (D:1)
  9 goblins
  4 hobgoblins
  2 bats (D:1)
  4 frilled lizards (D:1)
  7 kobolds
  A rat (D:1)
41 creatures vanquished.

Vanquished Creatures (others)
  A fungus (D:1)
  A plant (D:1)
2 creatures vanquished.

Grand Total: 43 creatures vanquished

Notes
Turn   | Place    | Note
-------+----------+-------------------------------------------
     0 | D:1      | ParallaxScroll the Djinni Wanderer began the quest for the
                  | Orb.
     0 | D:1      | Reached XP level 1. HP: 18/18 MP: 0/0
   278 | D:1      | Reached XP level 2. HP: 23/23 MP: 0/0
   720 | D:1      | Reached XP level 3. HP: 29/29 MP: 0/0
   720 | D:1      | Learned a level 1 spell: Corona
  1546 | D:1      | Found a faded altar of an unknown god.
  1552 | D:1      | Became a worshipper of Cheibriados the Contemplative
  1552 | D:1      | Reached * piety under Cheibriados
  1573 | D:2      | Found a blossoming altar of Fedhas.
  1827 | D:2      | Reached XP level 4. HP: 21/35 MP: 0/0
  2218 | D:2      | Slain by a gnoll

Illustrated notes

Levels and vault maps discovered:
D:1:      ncdulo_halloftheorcs, layout_loops_ring,
          shapermc_ecumenical_altar_acropolis
D:2:      layout_basic, basic_altar, st_stairs_6, chequers_decorated_corner

Skill      XL: |  1  2  3 |
---------------+----------+-----
Spellcasting   | 3 |  3.0
Fighting       | 3 |  3.5
Throwing       | |  1.0
Unarmed Combat | |  3.0
Evocations     | |  1.0

Action                   |  1- 3 |  4- 6 || total
-------------------------+-------+-------++-------
Melee: Dagger            |   127 |    17 ||   144
       Punch             |     2 |       ||     2
       Short sword       |     7 |       ||     7
Throw: Stone             |    17 |     2 ||    19
 Stab: Sleeping          |     3 |       ||     3
Armor: Robe              |    20 |     4 ||    24
Dodge: Dodged            |    64 |     7 ||    71
